 Dungeon Crawl Stone Soup version 0.26-a0-667-g92642533e4 (webtiles) character file.

Game seed: 4123669230137212322

10070 PentaManta the Blocker (level 11, -7/69 HPs)
             Began as a Gargoyle Fighter on Oct 18, 2020.
             Was an Elder of Okawaru.
             Mangled by a komodo dragon (22 damage)
             ... on level 2 of the Lair of Beasts.
             The game lasted 00:34:24 (12550 turns).

PentaManta the Blocker (Gargoyle Fighter)          Turns: 12550, Time: 00:34:24

Health: -7/69      AC: 23    Str: 23    XL:     11   Next: 56%
Magic:  11/11      EV:  9    Int: 15    God:    Okawaru [****..]
Gold:   886        SH: 12    Dex:  9    Spells: 10/10 levels left

rFire    . . .     SeeInvis .   a - +0 flail
rCold    . . .     Faith    .   c - +0 kite shield
rNeg     + . .     Spirit   .   O - +2 scale mail {MR+}
rPois    ∞         Reflect  .   N - +0 hat
rElec    +         Harm     .   J - +0 cloak {Stlth+}
rCorr    .         Rampage  .   m - +0 pair of gloves
MR       +....                  B - +1 pair of boots
Stlth    ..........             (no amulet)
HPRegen  0.21/turn              j - +6 ring of intelligence
MPRegen  0.12/turn              (no ring)

@: no status effects
A: negative energy resistance 1, electricity resistance, unbreathing,
petrification resistance, rot immunity, AC +8
a: Heroism, Renounce Religion


You were on level 2 of the Lair of Beasts.
You worshipped Okawaru.
Okawaru was greatly pleased with you.
You visited 3 branches of the dungeon, and saw 14 of its levels.

You collected 886 gold pieces.

Inventory:

Hand Weapons
 a - a +0 flail (weapon)
 e - the +1 spear of the Old World {venom, rN+ MP+9 Int+4, unknown}
   (You found it on level 6 of the Dungeon)

   It poisons the flesh of those it strikes.
   It affects your intelligence (+4).
   It protects you from negative energy.
   It affects your magic capacity (+9).
 k - a +2 short sword of venom
 n - a +0 vorpal hunting sling
 o - a +0 mace
 q - a +3 dagger
 y - a +0 whip of freezing
 A - a +0 scimitar
 C - a +0 war axe
 E - a +0 hand axe
 I - a +4 quarterstaff of chaos
 Q - a +0 dagger of chaos
 S - a +5 demon trident of flaming
Missiles
 l - 470 stones (quivered)
 x - 10 datura-tipped darts
 z - 83 poisoned darts
 T - 7 javelins
Armour
 c - a +0 kite shield (worn)
 g - a +0 plate armour
 m - a +0 pair of gloves (worn)
 B - a +1 pair of boots (worn)
 G - a scarf of resistance
 J - a +0 cloak of stealth (worn)
 N - a +0 hat (worn)
 O - a +2 scale mail of magic resistance (worn)
Jewellery
 j - a +6 ring of intelligence (left hand)
 H - an uncursed ring of fire
Wands
 p - a wand of polymorph (6)
 t - a wand of iceblast (8)
 D - a wand of enslavement (12)
 L - a wand of digging (12)
 R - a wand of acid (6)
Scrolls
 b - a scroll of identify
 i - 5 scrolls of remove curse
 r - a scroll of fear {unknown}
 v - a scroll of enchant armour
 F - 3 scrolls of blinking
 K - 4 scrolls of teleportation
Potions
 d - a potion of cancellation
 h - a potion of invisibility
 s - 4 potions of haste
 u - 2 potions of flight
 w - 2 potions of lignification
 P - 3 potions of stabbing
 W - 2 potions of might


   Skills:
 + Level 8.6 Fighting
 * Level 10.6 Maces & Flails
 + Level 8.6 Armour
 * Level 11.6 Shields


You had 10 spell levels left.
You didn't know any spells.
Your spell library contained the following spells:

 Spells                   Type           Power        Failure   Level
 Corona                   Hex            #......      67%         1
 Magic Dart               Conj           #...         67%         1
 Blink                    Tloc           N/A          80%         2
 Call Imp                 Summ           #.......     80%         2
 Ensorcelled Hibernation  Hex/Ice        #.....       80%         2
 Slow                     Hex            #.......     80%         2
 Confusing Touch          Hex            #.......     95%         3
 Conjure Flame            Conj/Fire      #.......     95%         3
 Dazzling Flash           Conj/Hex       #.....       95%         3
 Gell's Gravitas          Tloc           #.........   95%         3
 Mephitic Cloud           Conj/Pois/Air  #.......     95%         3
 Tukima's Dance           Hex            #.......     95%         3
 Cause Fear               Hex            #.........   100%        4
 Petrify                  Tmut/Erth      #.......     100%        4
 Metabolic Englaciation   Hex/Ice        #.........   100%        5
 Silence                  Hex/Air        #.........   100%        5
 Yara's Violent Unravell  Hex/Tmut       #.........   100%        5
 Discord                  Hex            #.........   100%        8


Dungeon Overview and Level Annotations

Branches:
Dungeon (11/15)            Temple (1/1) D:7            Lair (2/6) D:9
  Swamp: Lair:2-4    Shoals: Lair:2-4     Snake: Lair:2-4    Spider: Lair:2-4
    Orc: D:9-12

Altars:
Ashenzari
Cheibriados
Dithmenos
Elyvilon
Fedhas
Gozag
Hepliaklqana
Kikubaaqudgha
Makhleb
Nemelex Xobeh
Okawaru
Qazlal
Ru
Sif Muna
Trog
Uskayaw
Vehumet
Wu Jian
Xom
Yredelemnul
Zin
The Shining One

Shops:
D:7 (   D:10 [


Innate Abilities, Weirdness & Mutations

You are resistant to torment.
Your stone body is resilient. (AC +8)
You are immune to poison.
You resist negative energy. (rN+)
You are resistant to electric shocks. (rElec)
You can survive without breathing.
You are immune to petrification.
You are immune to rotting.


Message History

You closely miss the komodo dragon. You block the komodo dragon's attack.
You barely miss the komodo dragon. You block the komodo dragon's attack.
You closely miss the komodo dragon.
The komodo dragon bites you but does no damage.
You sock the komodo dragon!
The komodo dragon is moderately wounded.
You hit the komodo dragon but do no damage.
The komodo dragon is moderately wounded.
You block the komodo dragon's attack.
You closely miss the komodo dragon.
The komodo dragon is moderately wounded.
The komodo dragon bites you but does no damage.
You sock the komodo dragon!
The komodo dragon is heavily wounded.
The komodo dragon bites you!!
* * * LOW HITPOINT WARNING * * *
You barely miss the komodo dragon.
The komodo dragon is heavily wounded.
The komodo dragon bites you!!
You die...

#.## ######
....######....#
..............##
.............@l#..
.....................
.....P#..P...........
....P....P...........
...............#....#
..............###..##
.......##....P# ###
.....## ####### .....


You could see a komodo dragon.

Vanquished Creatures
  7 death yaks
  Urug (D:10)
  Pikel (D:3)
  Psyche (D:9)
  A basilisk (Lair:1)
  A wraith (D:10)
  A yak (D:10)
  2 water moccasins
  Duvessa (D:5)
  2 ice beasts (D:9)
  2 orc warriors (D:6)
  A black bear (D:6)
  A phantom (D:5)
  A necrophage (D:7)
  3 wolves (Lair:1)
  6 ogres
  5 centaurs
  A big kobold (D:9)
  An elf zombie (D:6)
  Dowan (D:5)
  6 bullfrogs
  An elf skeleton (D:6)
  3 scorpions
  A crimson imp (D:9)
  5 hounds
  A human zombie (D:6)
  Crazy Yiuf (D:7)
  An orc priest (D:8)
  A centaur skeleton (D:11)
  4 jellies
  6 orc wizards
  A bullfrog skeleton (D:5)
  2 iguanas
  6 worker ants
  2 hound zombies
  A hound skeleton (D:9)
  2 worker ant zombies
  11 adders
  4 gnolls (D:7)
  3 shadow imps
  4 white imps
  An ufetubus (D:5)
  2 adder skeletons
  3 worms (D:3)
  5 leopard geckos
  12 orcs
  A ball python (D:3)
  5 bats
  4 giant cockroaches
  5 goblins
  7 hobgoblins
  6 jackals
  9 kobolds
  3 frilled lizards
  A leopard gecko zombie (D:8)
  3 orc skeletons (D:6)
  6 rats
179 creatures vanquished.

Vanquished Creatures (others)
  An orc wizard (D:6)
  8 fungi
  10 plants
19 creatures vanquished.

Grand Total: 198 creatures vanquished

Notes
Turn   | Place    | Note
-------+----------+-------------------------------------------
     0 | D:1      | PentaManta the Gargoyle Fighter began the quest for the
                  | Orb.
     0 | D:1      | Reached XP level 1. HP: 14/14 MP: 1/1
   543 | D:1      | Reached XP level 2. HP: 7/19 MP: 2/2
  1308 | D:2      | Reached XP level 3. HP: 23/23 MP: 3/3
  1341 | D:2      | Found a hazy altar of Hepliaklqana.
  1813 | D:2      | Noticed a scorpion
  1822 | D:2      | HP: 1/23 [scorpion (2)]
  1828 | D:2      | Killed a scorpion
  1828 | D:2      | Reached skill level 4 in Shields
  1828 | D:2      | Reached XP level 4. HP: 2/29 MP: 4/4
  2412 | D:3      | You fall into a shaft and drop 1 floor!
  2439 | D:4      | Noticed Pikel
  2440 | D:4      | Noticed a lemure
  2440 | D:4      | Noticed a lemure
  2440 | D:4      | Noticed a lemure
  2441 | D:4      | Noticed a lemure
  2494 | D:3      | Killed Pikel
  2494 | D:3      | Reached skill level 5 in Shields
  2494 | D:3      | Reached XP level 5. HP: 9/34 MP: 5/5
  2494 | D:3      | Reached XP level 6. HP: 10/39 MP: 6/6
  2494 | D:3      | Reached XP level 7. HP: 11/44 MP: 7/7
  2886 | D:3      | Found a sparkling altar of Nemelex Xobeh.
  3100 | D:3      | Found a blossoming altar of Fedhas.
  3535 | D:4      | Reached skill level 5 in Maces & Flails
  3547 | D:4      | Reached skill level 6 in Shields
  4057 | D:5      | Entered Level 5 of the Dungeon
  4084 | D:5      | Noticed Duvessa
  4084 | D:5      | Noticed Dowan
  4107 | D:5      | Killed Duvessa
  4107 | D:5      | Reached skill level 5 in Armour
  4163 | D:5      | Reached skill level 5 in Fighting
  4163 | D:5      | Reached XP level 8. HP: 4/49 MP: 8/8
  4182 | D:5      | Killed Dowan
  4777 | D:5      | Reached skill level 7 in Shields
  5036 | D:6      | Got a slimy spear
  5617 | D:6      | Reached XP level 9. HP: 55/55 MP: 9/9
  5724 | D:6      | Reached skill level 8 in Shields
  6107 | D:6      | Found a hide-covered altar of Uskayaw.
  6118 | D:6      | Found an ornate altar of the Wu Jian Council.
  6464 | D:7      | Found a snail-covered altar of Cheibriados.
  7010 | D:7      | Found a staircase to the Ecumenical Temple.
  7020 | Temple   | Entered the Ecumenical Temple
  7108 | Temple   | Became a worshipper of Warmaster Okawaru
  7178 | D:7      | Found Xuiselu's Antique Weapon Emporium.
  7342 | D:7      | Found a runed translucent door.
  7344 | D:7      | Noticed Crazy Yiuf
  7353 | D:7      | Killed Crazy Yiuf
  7353 | D:7      | Reached skill level 9 in Shields
  8294 | D:9      | Reached XP level 10. HP: 60/61 MP: 10/10
  8301 | D:9      | Noticed a death yak
  8301 | D:9      | Noticed a death yak
  8301 | D:9      | Noticed a death yak
  8338 | D:9      | Noticed a death yak
  8339 | D:9      | Noticed a death yak
  8437 | D:9      | Killed a death yak
  8437 | D:9      | Reached * piety under Okawaru
  8449 | D:9      | Reached ** piety under Okawaru
  8660 | D:9      | Noticed Psyche
  8668 | D:9      | Killed Psyche
  8668 | D:9      | Reached skill level 10 in Shields
  8798 | D:9      | Found a staircase to the Lair.
  8798 | D:9      | Noticed a death yak
  8848 | D:9      | Noticed a death yak
  8856 | D:9      | Noticed a death yak
  8916 | D:8      | Killed a death yak
  9154 | D:8      | Killed a death yak
 10073 | D:7      | Killed a death yak
 10275 | D:7      | Killed a death yak
 10275 | D:7      | Reached *** piety under Okawaru
 10275 | D:7      | Reached skill level 10 in Maces & Flails
 10275 | D:7      | Reached skill level 11 in Shields
 10275 | D:7      | Reached XP level 11. HP: 40/68 MP: 11/11
 10649 | D:7      | Killed a death yak
 10699 | D:8      | Killed a death yak
 10699 | D:8      | Reached **** piety under Okawaru
 11211 | D:10     | Entered Level 10 of the Dungeon
 11282 | D:10     | Noticed Urug
 11296 | D:10     | Killed Urug
 11617 | D:10     | Found Cheibriados's Comfort Zone.
 11621 | D:10     | Found a snail-covered altar of Cheibriados.
 11906 | D:11     | Noticed a two-headed ogre
 11978 | D:11     | Noticed a purple ugly thing
 12155 | Lair:1   | Entered Level 1 of the Lair of Beasts
 12357 | Lair:1   | HP: 2/69 [komodo dragon (14)]
 12550 | Lair:2   | Mangled by a komodo dragon

Illustrated notes

Levels and vault maps discovered:
D:1:      tarquinn_simple_flora_water_a, layout_loops_ring,
          minmay_split_cup_large
D:2:      layout_loops_ring, lemuel_crystal_altar
D:3:      layout_loops_cross, lemuel_doored_altar, fedhas_altar_1
D:4:      layout_basic, abandoned_shop, serial_park_tiny_pond, uniq_pikel
D:5:      layout_loops_ring, kennysheep_small_circle, uniq_duvessa
D:6:      layout_basic, amethyst_overflow_temple_binary,
          nicolae_ossuary_entry_catacombs, minmay_diced_spiral
D:7:      layout_basic, overflow_temple_1_default,
          minmay_temple_entry_mini_moons, serial_shops,
          nicolae_shop_overgrown_old_shop, uniq_crazy_yiuf_cottage
D:8:      layout_cave_pools, minmay_misc_feat_five, roderic_serpentine_path
D:9:      layout_roguey, dpeg_lair_monsters, kennysheep_nub,
          minmay_fire_ice_demons, uniq_psyche
D:10:     layout_roguey, minmay_shop_chei, uniq_urug
D:11:     layout_basic, orc_0_dummy
Temple:   lightli_temple_of_artemis
Lair:1:   lemuel_ratsnest, layout_long_grid, grunt_forest_large_clearings,
          serial_bayou_shore_a
Lair:2:   layout_gridlike, guppyfry_snake_entry_garden, special_room
          [special_room_bee]

Skill      XL: |  1  2  3  4  5  6  7  8  9 10 |
---------------+-------------------------------+-----
Maces & Flails | 3 4 5 6 8 10 | 10.6
Shields        | 4 5 6 7 9 11 | 11.6
Fighting       | 4 5 6 8 |  8.6
Armour         | 4 5 6 8 |  8.6

Action                   |  1- 3 |  4- 6 |  7- 9 | 10-12 || total
-------------------------+-------+-------+-------+-------++-------
Melee: Dagger            |    77 |       |       |       ||    77
       Flail             |     9 |       |   141 |   216 ||   366
       Mace              |    46 |    41 |       |       ||    87
       Short sword       |       |     5 |     8 |    94 ||   107
       Whip              |       |       |   643 |     5 ||   648
Invok: Heroism           |       |       |       |     2 ||     2
  Use: Potion            |     1 |       |     5 |     8 ||    14
       Scroll            |       |       |    16 |     8 ||    24
Armor: Scale mail        |    86 |    26 |   231 |   155 ||   498
       Plate armour      |       |       |    99 |       ||    99
Dodge: Dodged            |    53 |    27 |   162 |   110 ||   352
Block: Kite shield       |     3 |       |   360 |   227 ||   590

Table legend: (Time is in decaauts)
 A = Elapsed time spent in this place.
 B = Non-inter-level travel time spent in this place.
 C = Inter-level travel time spent in this place.
 D = Time resting spent in this place.
 E = Time spent auto-exploring this place.
 F = Levels seen in this place.
 G = Mean time per level.
                   A        B        C        D        E       F      G
               +--------+--------+--------+--------+--------+-----+--------+
         Total |  12448 |  11516 |    932 |   2001 |   5866 |  14 |  889.1 |
       Dungeon |  11973 |  11060 |    913 |   1876 |   5727 |  11 | 1088.5 |
        Temple |    108 |     89 |     19 |      0 |     85 |   1 |  108.0 |
          Lair |    365 |    365 |      0 |    124 |     54 |   2 |  182.5 |
               +--------+--------+--------+--------+--------+-----+--------+

Top non-repeatable levels by time:
     D:6: 1726 daAuts
     D:8: 1641 daAuts
     D:7: 1614 daAuts
     D:1: 1285 daAuts
     D:3: 1158 daAuts
     D:5: 1038 daAuts
     D:9: 1032 daAuts
     D:2: 921 daAuts
    D:10: 761 daAuts
     D:4: 715 daAuts
  Lair:1: 209 daAuts
  Lair:2: 156 daAuts
  Temple: 108 daAuts
    D:11: 77 daAuts
